 Dungeon Crawl Stone Soup version 0.25-a0-310-g60f0ac2d9a (webtiles) character file.

Game seed: 3160444382082428851, levelgen mode: deterministic

15022 Gremour the Fighter (level 12, -1/80 HPs)
             Began as a Gargoyle Monk on Dec 23, 2019.
             Was a High Priest of Okawaru.
             Killed by nerve-wracking pain
             ... invoked by an orc priest
             ... led by an orc knight
              (2 damage)
             ... on level 1 of the Orcish Mines.
             The game lasted 01:22:00 (13028 turns).

Gremour the Fighter (Gargoyle Monk)                Turns: 13028, Time: 01:22:01

Health: -1/80      AC: 34    Str: 15    XL:     12   Next: 22%
Magic:  10/14      EV:  3    Int: 15    God:    Okawaru [*****.]
Gold:   1253       SH:  0    Dex: 18    Spells: 10/11 levels left

rFire    + + .     SeeInvis .   b - +2 bardiche (protect)
rCold    + . .     Gourm    .   (shield currently unavailable)
rNeg     + . .     Faith    +   E - +2 gold dragon scales
rPois    ∞         Spirit   .   A - +1 helmet of Pyich {Int+3}
rElec    +         Reflect  .   (no cloak)
rCorr    .         Harm     .   f - +1 pair of gloves
MR       .....                  h - +2 pair of boots
Stlth    ..........             o - amulet of faith
HPRegen  0.23/turn              e - ring of protection from fire
MPRegen  0.14/turn              y - ring of flight

@: finesse, marked
A: agile 1, negative energy resistance 1, sense surroundings 1, electricity
resistance, unbreathing, petrification resistance, rot immunity, sturdy frame 1,
AC +8
a: Heroism, Finesse, Renounce Religion, Evoke Flight


You were on level 1 of the Orcish Mines.
You worshipped Okawaru.
Okawaru was extremely pleased with you.
You were not hungry.

You visited 3 branches of the dungeon, and saw 13 of its levels.
You visited the Abyss 1 time.
You also visited: Bailey.

You collected 1507 gold pieces.
You spent 254 gold pieces at shops.

Inventory:

Hand Weapons
 a - the +3 great sword of the Mushroom {speed, MR+}
   (You bought it in a shop on level 6 of the Dungeon)

   Attacks with this weapon are significantly faster.
   It affects your resistance to hostile enchantments.
 b - a +2 bardiche of protection (weapon)
 z - a +1 scimitar of flaming
 G - a +2 great sword of holy wrath
Armour
 f - a +1 pair of gloves (worn)
 h - a +2 pair of boots (worn)
 j - a +3 leather armour of magic resistance
 m - the +5 shield of the Beggar {Int+6}
   (You found it on level 4 of the Dungeon)

   It affects your intelligence (+6).
 A - the +1 helmet of Pyich (worn) {Int+3}
   (You found it in a bailey)

   It affects your intelligence (+3).
 C - a +0 troll leather armour
 D - a +2 robe of cold resistance
 E - +2 gold dragon scales (worn)
 F - a +2 robe of magic resistance
Jewellery
 e - a ring of protection from fire (left hand)
 o - an amulet of faith (around neck)
 s - an uncursed ring of ice
 w - an uncursed ring of wizardry
 y - a ring of flight (right hand)
Wands
 p - a wand of paralysis (7)
 u - a wand of flame (31)
 v - a wand of polymorph (20)
 x - a wand of acid (10)
 B - a wand of scattershot (4)
Scrolls
 d - 6 scrolls of identify
 i - 2 scrolls of enchant armour
 k - 2 scrolls of remove curse
Potions
 g - 3 potions of lignification
 t - a potion of ambrosia
Comestibles
 c - 11 rations
 n - 3 chunks of flesh


   Skills:
 - Level 11.7 Fighting
 - Level 10.4 Long Blades
 + Level 8.2 Polearms
 * Level 6.9 Armour
 - Level 2.5 Dodging
 - Level 2.4 Stealth
 - Level 7.4 Shields
 + Level 1.6 Conjurations
 * Level 3.6 Invocations


You had 10 spell levels left.
You knew the following spells:

 Your Spells              Type           Power        Failure   Level  Hunger
z - Magic Dart            Conj           #...         100%        1    ##.....

Your spell library contained the following spells:

 Spells                   Type           Power        Failure   Level  Hunger
 Animate Skeleton         Necr           N/A          100%        1    ##.....
 Apportation              Tloc           #.....       100%        1    ##.....
 Beastly Appendage        Tmut           #.....       100%        1    ##.....
 Confusing Touch          Hex            #.....       100%        1    ##.....
 Pain                     Necr           #...         100%        1    ##.....
 Summon Small Mammal      Summ           #...         100%        1    ##.....
 Blink                    Tloc           N/A          100%        2    ###....
 Call Imp                 Summ           #.......     100%        2    ###....
 Slow                     Hex            #.......     100%        2    ###....
 Sticks to Snakes         Tmut           #.......     100%        2    ###....
 Conjure Flame            Conj/Fire      #.......     100%        3    ####...
 Mephitic Cloud           Conj/Pois/Air  #.......     100%        3    ####...
 Regeneration             Chrm/Necr      #.........   100%        3    ####...
 Spider Form              Tmut/Pois      #.........   100%        3    ####...
 Vampiric Draining        Necr           #.........   100%        3    ####...
 Animate Dead             Necr           N/A          100%        4    #####..
 Ice Form                 Ice/Tmut       #.......     100%        4    #####..
 Blade Hands              Tmut           #.........   100%        5    ######.


Dungeon Overview and Level Annotations

Branches:
Dungeon (10/15)            Temple (1/1) D:4            Lair (0/6) D:10
    Orc (2/2) D:10            Elf (0/3) Orc:2        Bailey (visited)

Altars:
Ashenzari
Cheibriados
Dithmenos
Elyvilon
Fedhas
Gozag
Hepliaklqana
Kikubaaqudgha
Makhleb
Nemelex Xobeh
Okawaru
Qazlal
Ru
Sif Muna
Trog
Uskayaw
Vehumet
Wu Jian
Xom
Yredelemnul
Zin
The Shining One
Beogh

Shops:
D:6 (!((?   D:8 (?}[?   D:9 [   Orc:2 :

Annotations:
D:6 shops


Innate Abilities, Weirdness & Mutations

You are resistant to torment.
Your stone body is resilient. (AC +8)
You are immune to poison.
You resist negative energy. (rN+)
You are resistant to electric shocks. (rElec)
You can survive without breathing.
You are immune to petrification.
You are immune to rotting.
You are agile. (Dex +2)
You passively map a small area around you.
Your movements are slightly less encumbered by armour. (ER -2)


Message History

The orc priest dies!
The bolt of lightning hits you! You resist.
* * * LOW HITPOINT WARNING * * *
A two-headed ogre comes into view.
It is wielding a +0 giant spiked club and a +0 giant club.
An orc warrior comes into view. It is wielding a +0 flail.
Unknown command.
The orc wizard gestures wildly while chanting.
The orc wizard blinks!
You feel like a meek peon again.
The orc warrior no longer looks unusually strong.
The orc warrior completely misses you.
Unknown command.
As you read the scroll of fog, it crumbles to dust.
The scroll dissolves into smoke.
The orc knight hits you from afar with a cursed -3 bardiche!
* * * LOW HITPOINT WARNING * * *
The orc hits you but does no damage.
The orc priest mumbles some strange prayers to Beogh against you.
Pain shoots through your body!
You die...

#...#.####..........#
#.....$#.##.....o.h.#
*....#...........o.o.#
...............##...#
.#.##....(h.....(..##
##...o#oo.[(....#
#...o.o###.#.#.##
##.§§§..#####...#
#.§@o.#.#####.##
##§#§#....#####
#.####.....# #..
#...o.## ##. #......#
,, #$..o.## ,
....OO.## , ..O...o.#
* ...O#......


You could see an orc knight, a warg, 2 orc warriors, an orc priest and 2 orcs.

Vanquished Creatures
  Harold (D:8)
  A two-headed ogre (Orc:1)
  Sonja (D:10)
  Pikel (D:4)
  5 orc sorcerers
  5 orc knights
  A cyclops (Orc:1)
  An elephant (D:10)
  A gargoyle (D:10)
  Psyche (D:8)
  An efreet (Abyss:2)
  2 trolls (Orc:1)
  2 hippogriffs (D:9)
  A vampire (D:10)
  A yak (D:10)
  Eustachio (D:4)
  2 hungry ghosts
  A warg (Orc:2)
  11 orc warriors
  An ice beast (D:9)
  A sky beast (D:9)
  10 ogres
  A phantom (D:10)
  A necrophage (D:5)
  4 centaurs
  3 crocodiles
  Blork the orc (D:4)
  4 bullfrogs
  A gnoll sergeant (D:7)
  A scorpion (D:9)
  3 killer bees (D:8)
  3 wights (D:8)
  A howler monkey (D:6)
  4 crimson imps
  2 hounds
  A jelly (D:9)
  3 bullfrog skeletons
  10 orc priests
  13 orc wizards
  Crazy Yiuf (D:7)
  A centaur skeleton (D:4)
  Natasha (D:4)
  3 iguanas
  6 worker ants
  A hound zombie (D:7)
  A hound skeleton (D:7)
  2 howler monkey zombies
  6 gnolls
  9 adders
  2 shadow imps
  A white imp (D:5)
  An ooze (D:4)
  A worm (D:3)
  3 dart slugs (D:2)
  4 leopard geckos
  57 orcs
  5 giant cockroaches
  3 goblins
  3 hobgoblins (D:1)
  15 jackals
  3 quokkas
  A ball python (D:1)
  6 bats
  5 frilled lizards
  10 kobolds
  5 rats
264 creatures vanquished.

Vanquished Creatures (others)
  An orc priest (Orc:1)
  An orc wizard (D:4)
2 creatures vanquished.

Grand Total: 266 creatures vanquished

Notes
Turn   | Place    | Note
-------+----------+-------------------------------------------
     0 | D:1      | Gremour the Gargoyle Monk began the quest for the Orb.
     0 | D:1      | Reached XP level 1. HP: 14/14 MP: 1/1
   315 | D:1      | Reached XP level 2. HP: 19/19 MP: 2/2
  1033 | D:2      | Reached skill level 4 in Fighting
  1070 | D:2      | Reached XP level 3. HP: 24/24 MP: 3/3
  1213 | D:2      | Found a sacrificial altar of Ru.
  1214 | D:2      | Found a bloodstained altar of Trog.
  1215 | D:2      | Found a radiant altar of Vehumet.
  1215 | D:2      | Found a burning altar of Makhleb.
  1228 | D:2      | Reached skill level 1 in Armour
  1725 | D:3      | Reached XP level 4. HP: 30/30 MP: 4/4
  1994 | D:3      | Reached skill level 5 in Fighting
  2006 | D:3      | Reached XP level 5. HP: 33/35 MP: 5/5
  2109 | D:3      | Noticed an ogre
  2295 | D:3      | Killed an ogre
  2295 | D:3      | Reached skill level 6 in Fighting
  2304 | D:3      | Reached XP level 6. HP: 23/41 MP: 6/6
  2624 | D:3      | Found a hazy altar of Hepliaklqana.
  2625 | D:3      | Found a shimmering altar of Xom.
  2626 | D:3      | Noticed a spectral ugly thing
  2837 | D:4      | Noticed Eustachio
  2942 | D:4      | Got a smoking shield
  2948 | D:4      | Identified the +5 shield of the Beggar {Int+6} (You found
                  | it on level 4 of the Dungeon)
  3001 | D:4      | Noticed Blork the orc
  3039 | D:4      | Gained mutation: Armour fits poorly on your strangely
                  | shaped body. [potion of mutation]
  3039 | D:4      | Gained mutation: You are covered in fur. (AC +1) [potion of
                  | mutation]
  3039 | D:4      | Gained mutation: Your large and strong wings let you fly
                  | indefinitely. [potion of mutation]
  3039 | D:4      | Gained mutation: Your movements are slightly less
                  | encumbered by armour. (ER -2) [potion of mutation]
  3232 | D:4      | Killed Blork the orc
  3531 | D:4      | Reached skill level 11 in Fighting
  3531 | D:4      | Reached XP level 7. HP: 11/54 MP: 7/7
  3811 | D:4      | Found a staircase to the Ecumenical Temple.
  3814 | D:4      | Found a shadowy altar of Dithmenos.
  3841 | Temple   | Entered the Ecumenical Temple
  3900 | Temple   | Became a worshipper of Warmaster Okawaru
  3900 | Temple   | Reached * piety under Okawaru
  3900 | Temple   | Reached ** piety under Okawaru
  4010 | D:4      | Reached XP level 8. HP: 60/60 MP: 5/8
  4049 | D:4      | Noticed Pikel
  4049 | D:4      | Noticed Natasha
  4324 | D:4      | Killed Eustachio
  4435 | D:4      | Killed Natasha
  4557 | D:4      | Learned a level 1 spell: Pain
  4605 | D:4      | Killed Pikel
  4605 | D:4      | Reached *** piety under Okawaru
  4605 | D:4      | Reached XP level 9. HP: 47/65 MP: 6/9
  4710 | D:5      | Entered Level 5 of the Dungeon
  4729 | D:5      | Learned a level 1 spell: Magic Dart
  5211 | D:5      | Found an ornate altar of the Wu Jian Council.
  5330 | D:6      | Lost mutation: Your large and strong wings let you fly
                  | indefinitely. [potion of mutation]
  5330 | D:6      | Lost mutation: Armour fits poorly on your strangely shaped
                  | body. [potion of mutation]
  5330 | D:6      | Lost mutation: You are covered in fur. (AC +1) [potion of
                  | mutation]
  5330 | D:6      | Gained mutation: You passively map a small area around you.
                  | [potion of mutation]
  5330 | D:6      | Gained mutation: You are agile. (Dex +2) [potion of
                  | mutation]
  5514 | D:6      | Reached **** piety under Okawaru
  5514 | D:6      | Reached skill level 1 in Conjurations
  5526 | D:6      | Found Winuh's Weapon Shop.
  5589 | D:6      | Found Qupudgh's Antique Weapon Boutique.
  5607 | D:6      | Bought a fine great sword for 172 gold pieces
  5613 | D:6      | Identified the +3 great sword of the Mushroom {speed, MR+}
                  | (You bought it in a shop on level 6 of the Dungeon)
  5648 | D:6      | Found Feej's Weapon Emporium.
  5706 | D:6      | Found a glowing golden altar of the Shining One.
  5708 | D:6      | Noticed an angel
  5724 | D:6      | Found a basalt altar of Yredelemnul.
  5726 | D:6      | Noticed a profane servitor
  5761 | D:6      | Found Vovu's Distillery.
  6005 | D:6      | Found Ygoehaq's Magic Scroll Boutique.
  6094 | D:7      | Reached skill level 1 in Long Blades
  6434 | D:7      | Got a dazzling mace
  6436 | D:7      | Identified the cursed +3 mace "Bimynk" {crush, rN+} (You
                  | found it on level 7 of the Dungeon)
  6688 | D:7      | Found a runed translucent door.
  6689 | D:7      | Noticed Crazy Yiuf
  6696 | D:7      | Killed Crazy Yiuf
  6700 | D:7      | Got a steaming mace
  6701 | D:7      | Identified the +5 mace "Duschem" {freeze, rN+ Str+4 Int+6
                  | Dex-4} (You found it on level 7 of the Dungeon)
  6899 | D:7      | Found an opulent altar of Gozag.
  7096 | D:7      | Found a blossoming altar of Fedhas.
  7192 | D:8      | Found Nuvu's Weapon Emporium.
  7213 | D:8      | Found Uhivu Need's Magic Scroll Emporium.
  7216 | D:8      | Bought a scroll of enchant armour for 82 gold pieces
  7216 | D:8      | Noticed Psyche
  7240 | D:8      | Killed Psyche
  7240 | D:8      | Reached XP level 10. HP: 56/71 MP: 10/10
  7247 | D:8      | Found Vocvil's Gadget Boutique.
  7323 | D:8      | Found Ofedoh's Antique Armour Emporium.
  7365 | D:8      | Reached skill level 5 in Long Blades
  7460 | D:8      | Found Ryic's Magic Scroll Shop.
  7530 | D:8      | Found a flagged portal.
  7546 | Bailey   | Entered a bailey
  7715 | Bailey   | Noticed an orc knight
  7718 | Bailey   | Noticed an orc knight
  7979 | Bailey   | Killed an orc knight
  8225 | Bailey   | Killed an orc knight
  8495 | Bailey   | Noticed an orc knight
  8513 | Bailey   | Killed an orc knight
  8556 | Bailey   | Got a crude helmet
  8567 | Bailey   | Identified the +1 helmet of Pyich {Int+3} (You found it in
                  | a bailey)
  8740 | D:8      | Noticed Harold
  8749 | D:8      | Killed Harold
  8749 | D:8      | Reached ***** piety under Okawaru
  9216 | D:9      | Found Amecas's Antique Armour Shop.
  9229 | D:9      | Reached skill level 5 in Armour
  9242 | D:9      | Received a gift from Okawaru
  9246 | D:9      | Reached XP level 11. HP: 73/76 MP: 9/11
  9378 | D:9      | Found a white marble altar of Elyvilon.
  9614 | D:10     | Entered Level 10 of the Dungeon
  9629 | D:10     | Found a staircase to the Orcish Mines.
  9889 | D:10     | Found a staircase to the Lair.
  9893 | D:10     | Noticed Sonja
 10535 | D:10     | Cast into level 2 of the Abyss (Sonja)
 10537 | Abyss:2  | Found a corrupted altar of Lugonu.
 10615 | Abyss:2  | Reached skill level 1 in Invocations
 10637 | D:10     | Escaped the Abyss
 10988 | D:10     | Killed Sonja
 11024 | Orc:1    | Entered Level 1 of the Orcish Mines
 11054 | Orc:1    | Noticed an orc sorcerer
 11075 | Orc:1    | Killed an orc sorcerer
 11235 | Orc:2    | Entered Level 2 of the Orcish Mines
 11235 | Orc:2    | Noticed a two-headed ogre
 11348 | Orc:1    | Killed a two-headed ogre
 11348 | Orc:1    | Received a gift from Okawaru
 11348 | Orc:1    | Reached skill level 10 in Long Blades
 11626 | Orc:2    | Noticed an orc knight
 11641 | Orc:2    | Killed an orc knight
 11644 | Orc:2    | HP: 3/76 [ogre/+0 giant spiked club[an orc knight] (8)]
 11915 | Orc:2    | Noticed an orc sorcerer
 11921 | Orc:2    | Noticed a soul eater
 11921 | Orc:2    | Paralysed by an orc sorcerer for 5 turns
 11934 | Orc:2    | HP: 2/76 [ynoxinul/iron shot[an orc sorcerer] (4)]
 12204 | Orc:2    | Found a staircase to the Elven Halls.
 12294 | Orc:2    | Found a roughly hewn altar of Beogh.
 12371 | Orc:2    | Killed an orc sorcerer
 12486 | Orc:2    | Noticed an orc sorcerer
 12491 | Orc:2    | Killed an orc sorcerer
 12491 | Orc:2    | Reached XP level 12. HP: 68/80 MP: 14/14
 12548 | Orc:2    | Found Dugir's Book Shop.
 12555 | Orc:2    | Paralysed by an orc sorcerer for 6 turns
 12575 | Orc:2    | Received a gift from Okawaru
 12587 | Orc:2    | Noticed an orc high priest
 12591 | Orc:2    | Noticed an orc high priest
 13022 | Orc:1    | Noticed an ogre mage
 13022 | Orc:1    | Noticed a two-headed ogre
 13022 | Orc:1    | Noticed a two-headed ogre
 13023 | Orc:1    | Noticed a two-headed ogre
 13028 | Orc:1    | HP: 1/80 [orc knight/cursed -3 bardiche (7)]
 13028 | Orc:1    | Killed from afar by an orc priest

Levels and vault maps discovered:
D:1:      lightli_arrival_noodles, layout_loops_ring
D:2:      layout_loops_corners, grunt_temple_overflow_open, first_ration
D:3:      cheibrodos_old_hovel, layout_loops_ring,
          regret_index_temple_of_mockery
D:4:      layout_gridville, grunt_dithmenos_shadows,
          minmay_temple_entry_sparse_star, minmay_a_box_with_orc_wizards_in_it,
          uniq_pikel, uniq_eustachio, uniq_blork_the_orc, uniq_natasha
D:5:      layout_rooms, lemuel_coloured_pillars_altar, minmay_misc_feat_rugged,
          minmay_fire_ice_demons
D:6:      layout_loops_ring, grunt_temple_overflow_holy_war, serial_shops, shop,
          shop, nicolae_shop_stone, nicolae_shop_waterfront, shop
D:7:      layout_loops_corners, lemuel_round_altar, lemuel_crystal_altar,
          uniq_crazy_yiuf_cottage
D:8:      layout_basic, enter_bailey_2, serial_shops, shop,
          kennysheep_mini_moat, nicolae_shop_waterfront, shop_statue, shop,
          uniq_psyche, uniq_harold
D:9:      layout_cave_pools, kennysheep_little_box, serial_shops,
          nicolae_shop_trees
D:10:     layout_roguey, david_lair_generic, david_orc_2, uniq_sonja
Temple:   nicolae_temple_figure_zero
Orc:1:    layout_caves
Orc:2:    st_orc_elflike, layout_diamond_mine, basic_altar

Skill      XL: |  1  2  3  4  5  6  7  8  9 10 11 12 |
---------------+-------------------------------------+-----
Fighting       | 4 5 6 11 | 11.7
Armour         | 1 2 3 4 5 6 |  6.9
Polearms       | 6 7 8 |  8.2
Shields        | 6 7 |  7.4
Conjurations   | 1 |  1.6
Long Blades    | 4 7 10 | 10.4
Invocations    | 2 3 |  3.6
Dodging        | |  2.5
Stealth        | |  2.4

Action                   |  1- 3 |  4- 6 |  7- 9 | 10-12 || total
-------------------------+-------+-------+-------+-------++-------
Melee: Spear             |   145 |   250 |       |       ||   395
       Trident           |       |    21 |   278 |       ||   299
       Great sword       |       |       |   105 |   286 ||   391
       Halberd           |       |       |       |    53 ||    53
       Bardiche          |       |       |       |   161 ||   161
 Cast: Magic Dart        |       |       |     1 |       ||     1
Invok: Heroism           |       |       |     5 |    14 ||    19
       Finesse           |       |       |       |     4 ||     4
Evoke: Wand              |       |       |       |    21 ||    21
  Use: Potion            |       |     9 |     5 |    11 ||    25
       Scroll            |       |    10 |     9 |     5 ||    24
 Stab: Sleeping          |       |     1 |     9 |       ||    10
       Distracted        |       |       |     1 |     1 ||     2
       Invisible         |       |       |       |     2 ||     2
  Eat: Chunk             |     2 |     7 |     3 |     5 ||    17
       Ration            |       |       |     4 |     6 ||    10
Armor: Ring mail         |    56 |    89 |       |       ||   145
       Leather armour    |       |    18 |   154 |    30 ||   202
       Gold dragon scale |       |       |       |   578 ||   578
Dodge: Dodged            |    82 |   133 |   186 |   141 ||   542
Block: Shield            |       |    50 |   260 |       ||   310
       Rpst.: Great sword |       |       |    17 |    26 ||    43

Table legend:
 A = Non-vault XP
 B = Vault XP
 C = Vault XP percentage of total XP
 D = Non-vault monster count
 E = Vault monster count
 F = Vault count percentage of total count
                 A         B        C        D         E       F
            +---------+---------+-------+---------+---------+-------
      Total |   12226 |    8727 |  41.7 |     209 |      56 |  21.1
            +---------+---------+-------+---------+---------+-------
        D:1 |      21 |       0 |   0.0 |      14 |       0 |   0.0
        D:2 |      60 |       0 |   0.0 |      20 |       0 |   0.0
        D:3 |     259 |       1 |   0.4 |      33 |       1 |   2.9
        D:4 |     362 |    1225 |  77.2 |      19 |      12 |  38.7
        D:5 |     248 |      60 |  19.5 |      11 |       2 |  15.4
        D:6 |     508 |       0 |   0.0 |      10 |       0 |   0.0
        D:7 |     976 |      39 |   3.8 |      27 |       1 |   3.6
        D:8 |     771 |    1394 |  64.4 |      18 |       2 |  10.0
        D:9 |    1893 |       0 |   0.0 |      20 |       0 |   0.0
       D:10 |     783 |    1828 |  70.0 |       4 |      12 |  75.0
      Orc:1 |    3051 |       0 |   0.0 |      10 |       0 |   0.0
      Orc:2 |    2918 |    2016 |  40.9 |      22 |       7 |  24.1
    Abyss:2 |     376 |       0 |   0.0 |       1 |       0 |   0.0
     Bailey |       0 |    2164 | 100.0 |       0 |      19 | 100.0
            +---------+---------+-------+---------+---------+-------
